 Dungeon Crawl Stone Soup version 0.30-a0-808-g6e0788376e (webtiles) character file.

Game seed: 4041979235423051330

118178 barkas the Brawler (level 16, 0/166 HPs)
             Began as a Troll Cinder Acolyte on Feb 26, 2023.
             Was a High Priest of Ignis.
             Killed from afar by a shock serpent (19 damage)
             ... with a bolt of electricity
             ... on level 2 of the Snake Pit on Feb 27, 2023.
             The game lasted 00:58:22 (25741 turns).

barkas the Brawler (Troll Cinder Acolyte)          Turns: 25741, Time: 00:58:22

Health: 0/166      AC: 12    Str: 40    XL:     16   Next: 24%
Magic:  16/16      EV:  4    Int: 10    God:    Ignis [*****.]
Gold:   1114       SH: 17    Dex:  9    Spells: 17/17 levels left

rFire   + + +      SeeInvis .      - Unarmed
rCold   + . .      Faith    .    u - +1 tower shield {rC+ rF+}
rNeg    + + .      Spirit   .    K - +0 acid dragon scales
rPois   +          Reflect  .    m - +2 hat "Wauseomp" {Str+2}
rElec   .          Harm     .    q - +1 cloak
rCorr   +          Rampage  .    (gloves unavailable)
Will    ++...                    (boots unavailable)
Stlth   +                        b - amulet "Etucw" {rPois rF+ rN+ Regen+ Dex+2}
HPRegen 2.07/turn                t - +6 ring of strength
MPRegen 0.15/turn                o - ring "Udyul" {rN+ Will+ Str+2}

@: constricted, studying 2 skills
A: large, unfitting armour, claws 3, regeneration 1, shaggy fur 1, tough skin 1
a: Renounce Religion, Fiery Armour, Foxfire Swarm, Rising Flame


You were on level 2 of the Snake Pit.
You worshipped Ignis.
Ignis was extremely pleased with you.
You visited 6 branches of the dungeon, and saw 26 of its levels.
You also visited: Gauntlet.

You collected 2223 gold pieces.
You spent 1109 gold pieces at shops.

Inventory:

Missiles
 a - 23 poisoned darts
 e - 17 javelins
 k - 6 large rocks (quivered)
 C - 23 boomerangs
 D - 2 curare-tipped darts
 I - 2 atropa-tipped darts
 P - 4 throwing nets
 U - 7 datura-tipped darts
Armour
 m - the +2 hat "Wauseomp" (worn) {Str+2}
   (You acquired it on level 15 of the Dungeon)

   Str:       It affects your strength (+2).
 q - a +1 cloak (worn)
 u - a +1 tower shield of resistance (worn)
 w - a +2 robe of cold resistance
 K - +0 acid dragon scales (worn)
 W - a +2 robe of fire resistance
Magical Staves
 A - a staff of air
Jewellery
 b - the amulet "Etucw" (around neck) {rPois rF+ rN+ Regen+ Dex+2}
   (You found it in a Gauntlet)

   [amulet of regeneration]

   Dex:       It affects your dexterity (+2).
   rF:        It protects you from fire.
   rPois:     It protects you from poison.
   rN:        It protects you from negative energy.
   Regen:     It increases your rate of health regeneration.
 c - a ring of protection from cold
 d - a ring of poison resistance
 o - the ring "Udyul" (right claw) {rN+ Will+ Str+2}
   (You bought it in a shop on level 2 of the Orcish Mines)

   [ring of willpower]

   Str:       It affects your strength (+2).
   rN:        It protects you from negative energy.
   Will:      It increases your willpower.
 s - a ring of see invisible
 t - a +6 ring of strength (left claw)
 Z - a ring of protection from cold
Wands
 J - a wand of charming (9)
 M - a wand of mindburst (10)
 N - a wand of flame (15)
 Y - a wand of quicksilver (3)
Scrolls
 h - 6 scrolls of poison
 i - 2 scrolls of amnesia {unknown}
 j - a scroll of silence {unknown}
 p - a scroll of enchant armour
 r - 2 scrolls of fog {mystery, unknown}
 v - 5 scrolls of immolation {unknown}
 y - a scroll of torment {unknown}
 E - 6 scrolls of fear {unknown}
 G - 3 scrolls of magic mapping
 L - 7 scrolls of teleportation
 T - 3 scrolls of vulnerability {unknown}
Potions
 g - 9 potions of curing
 l - 5 potions of flight
 n - 3 potions of cancellation
 x - a potion of magic
 z - 2 potions of might
 B - 2 potions of lignification
 F - 2 potions of invisibility
 H - 6 potions of haste
 O - a potion of berserk rage
 Q - a potion of brilliance
 S - 3 potions of attraction
 V - 5 potions of mutation


   Skills:
 + Level 12.3 Fighting
 - Level 12.0 Throwing
 + Level 12.0 Shields
 * Level 19.9 Unarmed Combat
 - Level 1.0 Spellcasting
 - Level 2.1 Fire Magic


You had 17 spell levels left.
You didn't know any spells.
Your spell library contained the following spells:

 Spells                   Type           Power      Damage    Failure   Level
 Scorch                   Fire           8%         2d5       63%         2
 Freeze                   Ice            0%         1d3       80%         1
 Sandblast                Erth           0%         2d4       80%         1
 Summon Small Mammal      Summ           0%         N/A       80%         1
 Ensorcelled Hibernation  Hex/Ice        0%         N/A       90%         2
 Passwall                 Tmut/Erth      0%         N/A       90%         2
 Call Canine Familiar     Summ           0%         N/A       99%         3
 Frozen Ramparts          Ice            0%         1d1       99%         3
 Gell's Gravitas          Tloc           0%         N/A       99%         3
 Hailstorm                Conj/Ice       0%         3d3       99%         3
 Ozocubu's Armour         Ice            0%         N/A       99%         3
 Stone Arrow              Conj/Erth      0%         3d7       99%         3
 Summon Guardian Golem    Hex/Summ       0%         N/A       99%         3
 Swiftness                Air            0%         N/A       99%         3
 Teleport Other           Tloc           0%         N/A       99%         3
 Ice Form                 Ice/Tmut       0%         N/A       100%        4
 Arcjolt                  Conj/Air       0%         1d10      100%        5
 Fireball                 Conj/Fire      1%         3d3       100%        5
 Freezing Cloud           Conj/Ice/Air   0%         6-21      100%        5
 Metabolic Englaciation   Hex/Ice        0%         N/A       100%        5
 Silence                  Hex/Air        0%         N/A       100%        5
 Dispersal                Tloc           0%         N/A       100%        6
 Simulacrum               Ice/Necr       0%         N/A       100%        6
 Starburst                Conj/Fire      1%         6d3       100%        6
 Borgnjor's Revivificati  Necr           0%         N/A       100%        8
 Necromutation            Tmut/Necr      0%         N/A       100%        8
 Death's Door             Necr           0%         N/A       100%        9
 Polar Vortex             Ice            0%         N/A       100%        9


Dungeon Overview and Level Annotations

Branches:
Dungeon (15/15)            Temple (1/1) D:5            Lair (5/5) D:9
  Swamp (1/4) Lair:3        Snake (1/4) Lair:2        Slime (0/5) Lair:5
    Orc (2/2) D:11            Elf (0/3) Orc:2        Vaults (0/5) D:13
 Depths (0/4) D:15        Gauntlet (visited)

Altars:
Ashenzari
Cheibriados
Dithmenos
Elyvilon
Fedhas
Gozag
Hepliaklqana
Kikubaaqudgha
Makhleb
Nemelex Xobeh
Okawaru
Qazlal
Ru
Sif Muna
Trog
Uskayaw
Vehumet
Wu Jian
Xom
Yredelemnul
Zin
The Shining One
Jiyva

Shops:
Orc:1 (   Orc:2 =!!(

Annotations:
D:12 1 runed translucent door
D:13 exclusion: orange crystal statue
D:14 3 transporters
Lair:1 exclusion: downstairs


Innate Abilities, Weirdness & Mutations

You are too large for most types of armour.
You have claws for hands.
Your natural rate of healing is unusually fast.
You are covered in fur. (AC +1)
You have tough skin. (AC +1)


Message History

The shock serpent barely misses you. You block the naga's attack.
The naga constricts you.
You eviscerate the shock serpent!!!
The shock serpent is almost dead.
The shock serpent's electric aura discharges, shocking you!
* * * LOW HITPOINT WARNING * * *
The shock serpent shoots out a bolt of lightning at you!
The bolt of electricity hits you!
* * * LOW HITPOINT WARNING * * *
The bolt of electricity hits you!!
* * * LOW HITPOINT WARNING * * *
The bolt of electricity hits the shock serpent.
The shock serpent completely resists.
You block the naga's attack. The naga constricts you.
You feel much better.
You block the shock serpent's attack. x2
The naga hits you with a +0 halberd!!
* * * LOW HITPOINT WARNING * * *
The naga constricts you.
You feel much better. The shock serpent bites you.
The shock serpent shocks you!
* * * LOW HITPOINT WARNING * * *
The naga spits poison at you.
The splash of poison hits you but does no damage.
You resist. The naga constricts you.
You miss the shock serpent.
The shock serpent is almost dead.
The shock serpent bites you!
* * * LOW HITPOINT WARNING * * *
The shock serpent shocks you!
* * * LOW HITPOINT WARNING * * *
You feel much better. You block the shock serpent's attack.
The naga hits you with a +0 halberd!
* * * LOW HITPOINT WARNING * * *
The naga constricts you.
* * * LOW HITPOINT WARNING * * *
The shock serpent shoots out a bolt of lightning at you!
The bolt of electricity hits you!!
* * * LOW HITPOINT WARNING * * *
The bolt of electricity hits you!!
You die...

#### #..## ##...#
## .. #....#...#
....####........#
#..SN..#
.....##@..# ...
#.(#.# . #(##...
#.....##..
#..##.. ..
#.###.. # .. ....
..! ...


You could see a shock serpent and a naga (catching breath).

Vanquished Creatures
  Mlioglotl (Snake:1)
  Rupert (D:14)
  Agnes (Snake:1)
  A fire giant (D:15)
  A minotaur (Gauntlet)
  A fire dragon (Lair:5)
  4 ogre magi (Orc:2)
  Harold (D:10)
  Erolcha (D:10)
  6 two-headed ogres
  A death knight (D:13)
  7 hydras
  An anaconda (Snake:1)
  A catoblepas (Lair:1)
  3 boulder beetles
  A centaur warrior (D:14)
  2 death scarabs (Gauntlet)
  9 death yaks
  2 naga warriors (Snake:1)
  3 shock serpents
  Urug (Lair:5)
  A naga sharpshooter (Snake:1)
  A skyshark (Lair:4)
  A fire crab (Gauntlet)
  Sonja (Lair:5)
  Amaemon (Lair:2)
  A salamander mystic (Snake:1)
  A bog body (Lair:3)
  A naga ritualist (Snake:1)
  A lindwurm (Lair:5)
  3 wizards
  Pikel (D:7)
  A deep elf pyromancer (D:14)
  3 mana vipers (Snake:1)
  10 orc knights
  A phantasmal warrior (D:13)
  A necromancer (D:13)
  9 orc sorcerers
  A spectral boulder beetle (Gauntlet)
  12 ugly things
  An oklob plant (Lair:1)
  2 salamanders (Snake:1)
  2 cyclopes
  A manticore (D:14)
  23 elephants
  6 naga magi (Snake:1)
  A guardian serpent (Snake:1)
  A torpor snail (Lair:4)
  14 black mambas
  Joseph (D:8)
  An orange demon (Lair:2)
  Maurice (D:10)
  2 molten gargoyles (Lair:5)
  Maggie (D:9)
  5 gargoyles (D:12)
  3 rime drakes
  6 cane toads
  12 komodo dragons
  Psyche (D:8)
  An unseen horror (D:10)
  A freezing wraith (D:13)
  8 trolls
  2 polar bears
  18 dream sheep
  Prince Ribbit (D:7)
  24 blink frogs
  Sigmund (D:2)
  5 flying skulls (Gauntlet)
  A spectral dream sheep (Gauntlet)
  2 wraiths
  2 vampires
  64 yaks
  2 fire bats (Gauntlet)
  7 wyverns
  5 basilisks
  Eustachio (D:6)
  Grum (D:10)
  A steam dragon (Lair:5)
  Menkaure (D:7)
  6 nagas
  7 wargs
  2 acid dragons
  3 hell hounds (Lair:5)
  26 water moccasins
  Duvessa (D:7)
  A sky beast (D:6)
  An ice beast (D:5)
  22 orc warriors
  4 black bears
  5 ogres
  27 wolves
  10 centaurs
  2 kobold brigands
  2 necrophages
  12 bullfrogs
  2 gnoll sergeants (D:6)
  4 scorpions
  5 wights (D:7)
  Dowan (D:7)
  4 killer bees (D:11)
  6 electric eels
  2 vampire bats (D:6)
  4 howler monkeys
  3 lava snakes (Lair:5)
  19 orc priests
  5 hounds
  7 jellies
  Crazy Yiuf (D:6)
  2 gnoll boudas (D:6)
  An iguana (D:5)
  36 orc wizards
  20 gnolls
  13 adders
  A shadow imp (D:4)
  A white imp (D:6)
  4 worms
  2 dart slugs
  76 orcs
  4 ball pythons
  3 bat skeletons (D:6)
  3 bat zombies (D:6)
  9 endoplasms
  A giant cockroach (D:3)
  10 goblins
  10 hobgoblins
  5 jackals
  4 quokkas
  5 bats
  7 frilled lizards
  13 kobolds
  2 rats
758 creatures vanquished.

Vanquished Creatures (others)
  A molten gargoyle (Lair:5)
  An orc priest (Orc:1)
  32 fungi
  55 plants
89 creatures vanquished.

Grand Total: 847 creatures vanquished

Notes
Turn   | Place    | Note
-------+----------+-------------------------------------------
     0 | D:1      | barkas the Troll Cinder Acolyte began the quest for the
                  | Orb.
     0 | D:1      | Reached XP level 1. HP: 22/22 MP: 1/1
   171 | D:1      | Reached XP level 2. HP: 27/29 MP: 2/2
   567 | D:2      | Reached XP level 3. HP: 36/36 MP: 3/3
   573 | D:2      | Found a faded altar of an unknown god.
   579 | D:2      | Reached skill level 1 in Throwing
   594 | D:2      | Reached skill level 4 in Unarmed Combat
   662 | D:2      | Reached XP level 4. HP: 44/44 MP: 4/4
   710 | D:2      | Noticed Sigmund
   718 | D:2      | Killed Sigmund
   719 | D:2      | Reached skill level 5 in Unarmed Combat
   719 | D:2      | Reached XP level 5. HP: 45/53 MP: 5/5
   724 | D:2      | Identified the +8 spear of Tartarus {heavy, Str+3}
  1192 | D:3      | Reached XP level 6. HP: 59/61 MP: 6/6
  2075 | D:4      | Found a sacrificial altar of Ru.
  2204 | D:4      | Reached skill level 6 in Unarmed Combat
  2283 | D:4      | Found a glowing silver altar of Zin.
  2356 | D:4      | Reached XP level 7. HP: 58/68 MP: 7/7
  3006 | D:5      | Entered Level 5 of the Dungeon
  3006 | D:5      | Found a sparkling altar of Nemelex Xobeh.
  3006 | D:5      | You fall into a shaft and drop 1 floor!
  3266 | D:5      | Reached skill level 7 in Unarmed Combat
  3402 | D:5      | Reached XP level 8. HP: 32/79 MP: 8/8
  3659 | D:5      | Found a staircase to the Ecumenical Temple.
  3748 | Temple   | Entered the Ecumenical Temple
  4285 | D:6      | Reached skill level 1 in Shields
  4316 | D:6      | Noticed Eustachio
  4330 | D:6      | Killed Eustachio
  4331 | D:6      | Reached skill level 8 in Unarmed Combat
  4450 | D:6      | Found a large runed translucent door.
  4450 | D:6      | Found a large runed translucent door.
  4461 | D:6      | Reached skill level 5 in Fighting
  4882 | D:6      | Found a runed translucent door.
  4883 | D:6      | Noticed Crazy Yiuf
  5141 | D:7      | Reached XP level 9. HP: 83/88 MP: 9/9
  5475 | D:7      | Noticed Prince Ribbit
  5486 | D:7      | Killed Prince Ribbit
  5487 | D:7      | Reached skill level 5 in Throwing
  5512 | D:7      | Noticed Pikel
  5521 | D:7      | Killed Pikel
  5522 | D:7      | Reached skill level 9 in Unarmed Combat
  5596 | D:7      | Noticed Menkaure
  5602 | D:7      | Killed Menkaure
  5740 | D:7      | Noticed Duvessa
  5740 | D:7      | Noticed Dowan
  5755 | D:7      | Killed Duvessa
  5777 | D:7      | Killed Dowan
  5938 | D:7      | Reached skill level 5 in Shields
  6588 | D:7      | Reached XP level 10. HP: 75/87 MP: 10/10
  6763 | D:8      | Noticed Psyche
  6774 | D:8      | Killed Psyche
  6775 | D:8      | Reached skill level 10 in Unarmed Combat
  6848 | D:8      | Noticed a two-headed ogre
  6861 | D:8      | Killed a two-headed ogre
  7395 | D:8      | Noticed a two-headed ogre
  7528 | D:9      | Identified 2 scrolls of acquirement
  7529 | D:9      | Acquired a +1 tower shield of resistance
  7711 | D:9      | Noticed Maggie
  7719 | D:9      | Killed Maggie
  7878 | D:9      | Found a staircase to the Lair.
  7969 | D:9      | Reached skill level 11 in Unarmed Combat
  8076 | D:10     | Entered Level 10 of the Dungeon
  8269 | D:10     | Noticed Maurice
  8286 | D:10     | Killed Maurice
  8287 | D:10     | Reached XP level 11. HP: 107/107 MP: 9/11
  8472 | D:10     | Noticed Erolcha
  8476 | D:10     | Killed Erolcha
  8679 | D:10     | Found a shadowy altar of Dithmenos.
  8706 | D:10     | Found a white marble altar of Elyvilon.
  8806 | D:10     | Noticed Grum
  8846 | D:10     | Killed Grum
  8933 | D:10     | Noticed Harold
  8943 | D:10     | Killed Harold
  9077 | D:10     | Reached skill level 12 in Unarmed Combat
  9580 | D:11     | Found a staircase to the Orcish Mines.
 10189 | D:11     | Noticed a brown ugly thing
 10213 | D:11     | Killed a brown ugly thing
 10515 | D:8      | Noticed Joseph
 10522 | D:8      | Killed Joseph
 10921 | Lair:1   | Entered Level 1 of the Lair of Beasts
 11036 | Lair:1   | Reached XP level 12. HP: 48/118 MP: 6/12
 11348 | Lair:1   | Noticed a catoblepas
 11360 | Lair:1   | Killed a catoblepas
 11937 | Lair:1   | Reached skill level 13 in Unarmed Combat
 12348 | Lair:2   | Found a staircase to the Snake Pit.
 12644 | Lair:2   | Noticed Amaemon
 12671 | Lair:2   | Killed Amaemon
 12673 | Lair:2   | Reached skill level 14 in Unarmed Combat
 12801 | Lair:2   | Noticed an eight-headed hydra
 12969 | Lair:2   | Killed an eight-headed hydra
 13323 | Lair:2   | Reached XP level 13. HP: 122/130 MP: 11/13
 13652 | Lair:3   | Found a staircase to the Swamp.
 13728 | Lair:3   | Reached skill level 15 in Unarmed Combat
 14229 | Lair:3   | Reached skill level 10 in Throwing
 14610 | Swamp:1  | Entered Level 1 of the Swamp
 14937 | Lair:4   | Noticed Urug
 14956 | Lair:4   | HP: 2/133 [Urug/javelin (7)]
 15048 | Lair:4   | Reached skill level 16 in Unarmed Combat
 15141 | Lair:4   | Reached skill level 10 in Fighting
 15846 | Lair:5   | Entered Level 5 of the Lair of Beasts
 15856 | Lair:5   | Reached XP level 14. HP: 143/143 MP: 14/14
 16525 | D:12     | Found a runed translucent door.
 16526 | D:12     | Noticed a frost giant
 16915 | D:13     | Acquired an amulet of reflection
 17078 | D:13     | Got the Compendium of Galvanic Arcane Combat
 17112 | D:13     | Reached skill level 17 in Unarmed Combat
 17396 | D:13     | Found a gate to the Vaults.
 17804 | D:14     | Found a transporter.
 17812 | D:14     | Found a transporter.
 17825 | D:14     | Found a transporter.
 17831 | D:14     | Found a transporter.
 17885 | D:14     | Found a blossoming altar of Fedhas.
 17913 | D:14     | Noticed Rupert
 17929 | D:14     | Killed Rupert
 18375 | D:15     | Entered Level 15 of the Dungeon
 18727 | D:15     | Found a staircase to the Depths.
 18727 | D:15     | Noticed a fire giant
 19177 | Lair:5   | Killed Urug
 19750 | Lair:5   | Noticed Sonja
 19756 | Lair:5   | Killed Sonja
 19818 | Lair:5   | Reached XP level 15. HP: 153/153 MP: 15/15
 19824 | Lair:5   | Reached skill level 18 in Unarmed Combat
 19902 | Lair:5   | Found a staircase to the Slime Pits.
 20017 | Lair:5   | Found a viscous altar of Jiyva.
 20047 | Lair:5   | Acquired a manual of Shields
 20412 | D:12     | Noticed a storm dragon
 20610 | D:15     | Acquired the +2 hat "Wauseomp" {Str+2}
 20663 | D:15     | Identified the +4 rapier of the Coward {freeze, rElec rCorr
                  | Str+3 Int+2}
 20715 | D:15     | Killed a fire giant
 21268 | Lair:5   | Found a large runed translucent door.
 21268 | Lair:5   | Found a large runed translucent door.
 21959 | D:6      | Found an ancient bone altar of Kikubaaqudgha.
 22106 | D:6      | Found a blossoming altar of Fedhas.
 22109 | D:6      | Found an ornate altar of the Wu Jian Council.
 22170 | D:6      | Killed Crazy Yiuf
 22362 | Orc:1    | Entered Level 1 of the Orcish Mines
 22415 | Orc:1    | Paralysed by an orc sorcerer for 2 turns
 22497 | Orc:1    | Reached skill level 10 in Shields
 22675 | Orc:1    | Found Boar's Antique Weapon Shop.
 23014 | Orc:2    | Entered Level 2 of the Orcish Mines
 23108 | Orc:1    | Reached skill level 19 in Unarmed Combat
 23218 | Orc:2    | Found a staircase to the Elven Halls.
 23261 | Orc:2    | Found a gate leading to a gauntlet.
 23285 | Gauntlet | Entered a Gauntlet
 23285 | Gauntlet | Found a transporter.
 23285 | Gauntlet | Found a transporter.
 23307 | Gauntlet | Found a transporter.
 23308 | Gauntlet | Found a transporter.
 23315 | Gauntlet | Found a transporter.
 23319 | Gauntlet | Found a transporter.
 23327 | Gauntlet | Found a transporter.
 23344 | Gauntlet | Found a transporter.
 23362 | Gauntlet | Found a transporter.
 23363 | Gauntlet | Found a transporter.
 23371 | Gauntlet | Found a transporter.
 23375 | Gauntlet | Found a transporter.
 23551 | Gauntlet | Found a runed translucent door.
 23690 | Gauntlet | Identified the amulet "Etucw" {rPois rF+ rN+ Regen+ Dex+2}
 23751 | Gauntlet | Identified the +0 cloak "Jiruh" {rN+}
 24198 | Orc:2    | Paralysed by an orc sorcerer for 4 turns
 24227 | Orc:2    | Found an ancient bone altar of Kikubaaqudgha.
 24241 | Orc:2    | Found Uhuocs's Distillery.
 24270 | Orc:2    | Found a radiant altar of Vehumet.
 24315 | Orc:2    | Bought a potion of curing for 51 gold pieces
 24315 | Orc:2    | Bought a potion of invisibility for 136 gold pieces
 24315 | Orc:2    | Bought a potion of curing for 51 gold pieces
 24315 | Orc:2    | Bought a potion of heal wounds for 85 gold pieces
 24315 | Orc:2    | Bought a potion of berserk rage for 85 gold pieces
 24324 | Orc:2    | Found Lad Wal's Antique Weapon Shop.
 24340 | Orc:2    | Found Exuej's Distillery.
 24356 | Orc:2    | Found Dauddy Wufei's Jewellery Boutique.
 24359 | Orc:2    | Bought a potion of curing for 33 gold pieces
 24359 | Orc:2    | Bought a potion of heal wounds for 55 gold pieces
 24359 | Orc:2    | Bought a potion of curing for 33 gold pieces
 24359 | Orc:2    | Bought a potion of heal wounds for 55 gold pieces
 24440 | Orc:2    | Bought the ring "Udyul" {rN+ Will+ Str+2} for 525 gold
                  | pieces
 24796 | Snake:1  | Entered Level 1 of the Snake Pit
 24961 | Snake:1  | Reached XP level 16. HP: 156/165 MP: 3/16
 25435 | Snake:1  | Noticed Mlioglotl
 25446 | Snake:1  | Killed Mlioglotl
 25506 | Snake:1  | Noticed Agnes
 25523 | Snake:1  | Killed Agnes
 25707 | Snake:1  | You fall into a shaft and drop 1 floor!
 25741 | Snake:2  | Killed from afar by a shock serpent

Illustrated notes

Levels and vault maps discovered:
D:1:      eino_arrival_cavern_b, layout_rooms
D:2:      layout_basic, nicolae_ecumenical_snake_handling, uniq_sigmund
D:3:      layout_loops_corners
D:4:      layout_loops_corners, nicolae_ru_awakened_eye,
          nicolae_overflow_crystal_walls, minmay_fountain_box,
          serial_bayou_pond_b, nicolae_elevator_lobby_asterisk
D:5:      layout_cave_pools, overflow_temple_1_default,
          lemuel_temple_firewalk_b, serial_bayou, serial_bayou_pond_e,
          serial_bayou_crossing, serial_bayou_pond_d, serial_bayou_pond_d
D:6:      layout_loops_ring, jmf_multi_god_temple2, kennysheep_vampire_church,
          serial_rivers, chequers_serial_rivers_marsh,
          chequers_serial_rivers_small_b, chequers_serial_rivers_marsh,
          chequers_serial_rivers_micro_c, st_stairs_10, uniq_eustachio,
          uniq_crazy_yiuf_cottage
D:7:      layout_layer_cave, serial_bayou_lagoon_b, uniq_menkaure,
          uniq_prince_ribbit1, uniq_pikel, uniq_duvessa
D:8:      layout_basic, uniq_joseph, uniq_psyche
D:9:      layout_roguey, lair_entry_dummy, uniq_maggie
D:10:     layout_stronghold, amcnicky_altar_gilded, lemuel_crystal_altar,
          serial_column_ruins, column_ruins_open_medium,
          column_ruins_columns_corner, column_ruins_grid_1, uniq_erolcha,
          uniq_harold, uniq_grum, uniq_maurice
D:11:     layout_rooms, minmay_orc_entry_guard_dogs, dk_noncrumbling_2,
          minivault_24
D:12:     layout_roguey, serial_glass, glass_columns_c, glass_columns_b,
          minivault_13
D:13:     cheibrodos_wizards_tower, layout_cave_pools, david_vaults_1,
          drop_trap, minivault_15
D:14:     layout_loops_ring, lemuel_crystal_altar,
          nicolae_transporter_intersection, uniq_rupert
D:15:     grunt_enter_depths_giant_problem, layout_cave_pods
Temple:   compressed_dpeg_circular_temple
Lair:1:   layout_cave_pods
Lair:2:   layout_roguey, minmay_snake_entry_six_corridors,
          chequers_serial_rivers_micro_d, lemuel_fruit_fields, uniq_amaemon
Lair:3:   layout_cave_pods, skrybe_swamp_entry_bodies
Lair:4:   layout_loops_ring, lemuel_fruit_fields, grunt_megastairs_1,
          serial_bayou_shore_a, uniq_urug
Lair:5:   cheibrodos_lair_end_hotspot, layout_misc_corridors,
          nicolae_slime_entry_field_trip, uniq_sonja
Swamp:1:  layout_basic_swamp, nicolae_swamp_tree_designs
Snake:1:  layout_gridlike, drop_trap, uniq_mlioglotl, uniq_agnes
Snake:2:  nicolae_sea_snake_s, layout_misc_corridors,
          gammafunk_ghost_wrathful_warriors, serial_shops, shop,
          nicolae_snake_biting_tails, grunt_ministairs_12
Orc:1:    layout_diamond_mine, guppyfry_orc_lava_fort
Orc:2:    kennysheep_orc_mage_school, layout_diamond_mine,
          gauntlet_entry_generic, basic_altar

Skill      XL: |  1  2  3  4  5  6  7  8  9 10 11 12 13 14 15 16 |
---------------+-------------------------------------------------+-----
Throwing       | 1 2 3 4 5 6 7 9 10 11 12 | 12.0
Unarmed Combat | 4 5 6 7 8 9 11 12 14 16 17 19 | 19.9
Fighting       | 3 4 5 6 7 8 10 11 12 | 12.3
Shields        | 3 5 7 9 11 12 | 12.0
Spellcasting   | |  1.0
Fire Magic     | |  2.1

Action                     |  1- 3 |  4- 6 |  7- 9 | 10-12 | 13-15 | 16-18 || total
---------------------------+-------+-------+-------+-------+-------+-------++-------
  Melee: Unarmed           |    78 |   156 |   302 |   577 |  1139 |   107 ||  2359
         Punch             |       |       |     2 |       |       |       ||     2
  Throw: Dart              |       |       |    31 |    27 |    44 |       ||   102
         Javelin           |       |       |     2 |     9 |    40 |       ||    51
         Stone             |       |       |     2 |       |       |       ||     2
         Boomerang         |       |       |    10 |       |     1 |       ||    11
         Large rock        |       |       |       |       |     2 |     3 ||     5
  Evoke: Wand              |       |       |     8 |    12 |    21 |       ||    41
    Use: Potion            |       |       |     1 |     3 |    12 |     8 ||    24
         Scroll            |       |       |       |    20 |     9 |     1 ||    30
   Stab: Distracted        |       |       |       |     1 |       |       ||     1
 Armour: Robe              |    34 |    48 |    87 |       |       |       ||   169
         Steam dragon scal |       |       |       |    75 |       |       ||    75
         Acid dragon scale |       |       |       |    85 |   309 |    12 ||   406
         Skin              |       |       |       |    22 |    23 |       ||    45
  Dodge: Dodged            |    53 |    76 |   139 |   109 |   166 |    17 ||   560
  Block: Kite shield       |       |       |    54 |    13 |       |       ||    67
         Tower shield      |       |       |       |   370 |   909 |    95 ||  1374
         Reflection        |       |       |       |       |    29 |       ||    29

Table legend: (Time is in decaauts)
 A = Elapsed time spent in this place.
 B = Non-inter-level travel time spent in this place.
 C = Inter-level travel time spent in this place.
 D = Time resting spent in this place.
 E = Time spent auto-exploring this place.
 F = Levels seen in this place.
 G = Mean time per level.
                   A        B        C        D        E       F      G
               +--------+--------+--------+--------+--------+-----+--------+
         Total |  25685 |  23150 |   2535 |   2310 |  14398 |  27 |  951.3 |
       Dungeon |  15183 |  13635 |   1548 |    715 |   9603 |  15 | 1012.2 |
        Temple |     84 |     70 |     14 |      0 |     56 |   1 |   84.0 |
          Lair |   7279 |   6469 |    810 |    907 |   3722 |   5 | 1455.8 |
         Swamp |      1 |      1 |      0 |      0 |      0 |   1 |    1.0 |
     Snake Pit |    932 |    932 |      0 |    498 |    138 |   2 |  466.0 |
  Orcish Mines |   1660 |   1497 |    163 |    151 |    767 |   2 |  830.0 |
      Gauntlet |    543 |    543 |      0 |     37 |    112 |   1 |  543.0 |
               +--------+--------+--------+--------+--------+-----+--------+

Top non-repeatable levels by time:
     D:6: 1844 daAuts
  Lair:5: 1648 daAuts
  Lair:4: 1567 daAuts
     D:7: 1493 daAuts
    D:10: 1474 daAuts
  Lair:1: 1394 daAuts
  Lair:3: 1374 daAuts
  Lair:2: 1294 daAuts
     D:8: 1281 daAuts
    D:11: 1050 daAuts
     D:4: 1000 daAuts
    D:14: 964 daAuts
   Orc:2: 960 daAuts
    D:15: 912 daAuts
 Snake:1: 899 daAuts
